AoeStats
← [PSCH] R!ce

African Clearing

506686347Analyzed
3v3 RM · 17d ago on Sep 14, 2026· 47m 0s· 6 players
Game mode
Random Map
Map size
Normal (6 player)
Population
200
Speed
Normal
Resources
Standard
Victory
Conquest
Starting age
Dark Age
Ending age
Imperial Age
RankedLock teamsTeams togetherTeam positionsShared explorationLock speedFull tech treeHidden civsTurbo modeCheats
Victory
Defeat
🇨🇱 Tupi · Chile
1581
+10
🇪🇸 Vietnamese · Spain
1498
+13
🇦🇷 Portuguese · Argentina
1342
+18
🇨🇭 Tatars · Switzerland
1475
-16
🇨🇭 Georgians · Switzerland
1435
-14
🇨🇭 Japanese · Switzerland
1365
-11
[PSCH] R!ce
6:40 Loom
12:01 Feudal Age
13:49 Double-Bit Axe
16:08 Fletching
30:24 Castle Age
[PSCH] wolverito
3:26 Loom
13:39 Feudal Age
17:27 Fishing Lines
20:06 Castle Age
18:20 Fletching
18:45 Double-Bit Axe
19:28 Fishing Lines
19:43 Horse Collar
24:13 Scale Barding Armor
26:52 Coinage
26:46 Chain Barding Armor
29:17 Wheelbarrow
28:41 Horse Collar
29:29 Forging
30:10 Bow Saw
33:49 Svan Towers
39:24 Imperial Age
37:40 Ballistics
37:12 Guard Tower
37:44 Bodkin Arrow
37:27 Crossbowman
37:29 Elite Skirmisher
38:26 Padded Archer Armor
39:43 Leather Archer Armor
41:52 Bracer
44:03 Plate Barding Armor
[PSCH] Girithron
8:53 Loom
13:32 Feudal Age
18:18 Castle Age
16:33 Fletching
16:43 Double-Bit Axe
17:04 Gold Mining
17:49 Padded Archer Armor
19:20 Bow Saw
21:52 Bodkin Arrow
27:59 Leather Archer Armor
31:21 Ballistics
32:43 Horse Collar
35:17 Wheelbarrow
38:59 Imperial Age
36:01 Elite Skirmisher
37:30 Heavy Plow
38:46 Thumb Ring
39:50 Bracer
40:24 Ring Archer Armor
43:02 Chemistry
46:49 Conscription
46:26 Heavy Cavalry Archer
Danub
8:36 Loom
11:57 Feudal Age
17:47 Castle Age
16:49 Double-Bit Axe
18:41 Fishing Lines
20:33 Fletching
22:58 Bodkin Arrow
23:51 Town Watch
25:08 Padded Archer Armor
25:03 Gold Mining
27:09 Bow Saw
26:44 Horse Collar
28:57 Heavy Plow
31:19 Leather Archer Armor
35:50 Imperial Age
34:33 Wheelbarrow
33:57 Stone Mining
36:42 Ballistics
36:28 Town Patrol
36:44 Bracer
37:28 Conscription
37:55 Elite Blackwood Archer
39:08 Hand Cart
39:52 Gold Shaft Mining
40:47 Chemistry
40:48 Treadmill Crane
41:12 Arson
41:27 Squires
42:23 Ring Archer Armor
42:52 Caciques
43:22 Hoardings
44:02 Scale Mail Armor
44:12 Forging
43:43 Champi Runner
44:38 Murder Holes
44:51 Curare
44:32 Champi Warrior
45:28 Chain Mail Armor
45:11 Elite Champi Warrior
46:01 Elite Ibirapema Warrior
47:45 Iron Casting
Ritiskiti
10:40 Loom
13:29 Feudal Age
18:09 Castle Age
16:34 Double-Bit Axe
34:19 Horse Collar
36:01 Bow Saw
36:05 Heavy Plow
36:44 Wheelbarrow
39:35 Redemption
45:08 Imperial Age
43:42 Hand Cart
44:28 Husbandry
44:50 Fletching
47:51 Block Printing
zhengyifan2003
9:15 Loom
12:47 Feudal Age
13:17 Double-Bit Axe
13:15 Horse Collar
15:36 Town Watch
17:18 Wheelbarrow
18:18 Fletching
18:53 Padded Archer Armor
24:20 Gold Mining
30:25 Castle Age
31:11 Thumb Ring
30:26 Crossbowman
31:04 Bodkin Arrow
31:23 Bow Saw
31:16 Elite Skirmisher
32:15 Leather Archer Armor
32:23 Heavy Plow
33:03 Ballistics
32:26 Treadmill Crane
33:53 Hand Cart
40:46 Imperial Age
40:53 Stone Mining
40:52 Arbalester
42:34 Chemistry
41:38 Bracer
41:34 Elite Skirmisher
42:47 Ring Archer Armor
45:01 Stone Shaft Mining
Connection lost

Rejoining the realm…

Still unreachable

The connection could not be restored.

Session expired

The server has moved on; the page needs a fresh start.